Cogmind - Beta 10.1 @@@ ROGUE MODE // 2020.10.17 @ 21:53:32 Player: Shamgod Result: Destroyed by D-53 Grenadier with Mini Grenade Launcher Performance ------------- Evolutions (0) 0 Regions Visited (2) 400 Robots Destroyed (28) 140 Value Destroyed (556) 556 Prototype IDs (0) 0 Alien Tech Used (0) 0 Bonus (0) 0 TOTAL SCORE: 1096 Bonus ------- None Cogmind --------- Core Integrity 0/250 Matter 300/300 Energy 100/100 System Corruption 0% Temperature Cool (0) Movement Core (300) Ox5 Location -10/Mines Parts ------- > --- POWER (1) -------- (None) > --- PROPULSION (2) --- (None) > --- UTILITY (2) ------ Large Storage Unit > --- WEAPON (2) ------- (None) > --- INVENTORY (10) --- Light Ion Engine Light Treads Aluminum Leg Wheel Medium Matter Pod (100) EM Pulse Gun EM Pulse Gun Medium Laser Light Cannon Peak State ------------ > --- POWER ------------ Light Nuclear Core > --- PROPULSION ------- Aluminum Leg Aluminum Leg > --- UTILITY ---------- Small Storage Unit Structural Scanner > --- WEAPON ----------- Particle Gun Particle Gun > --- INVENTORY -------- Light Ion Engine Light Ion Engine Light Treads Wheel Wheel Light Cannon [Rating: 11] Favorites ----------- Power Light Ion Engine Engine Light Ion Engine Power Core Light Nuclear Core Propulsion Aluminum Leg Treads Light Treads Leg Aluminum Leg Wheel Wheel Utility Large Storage Unit Device Sensor Array Storage Large Storage Unit Weapon Particle Gun Energy Gun Particle Gun Ballistic Gun Light Assault Rifle Ballistic Cannon Light Cannon Build | -11 -10 -10 ------- Run | Scr Mat Min Slots Evolved . | . . . Power . | . . . Propulsion . | . . . Utility . | . . . Weapon . | . . . Parts Attached 34 | 9 20 5 Power 5 | 1 3 1 Engine 4 | 1 2 1 Core 1 | . 1 . Reactor . | . . . Propulsion 11 | 4 6 1 Treads 2 | 2 . . Leg 7 | . 6 1 Wheel 2 | 2 . . Hover . | . . . Flight . | . . . Utility 7 | 2 4 1 Device 3 | . 2 1 Storage 4 | 2 2 . Processor . | . . . Hackware . | . . . Protection . | . . . Artifact . | . . . Weapon 11 | 2 7 2 Energy Gun 7 | 2 4 1 Energy Cannon . | . . . Ballistic Gun 1 | . . 1 Ballistic Cannon 3 | . 3 . Launcher . | . . . Special Weapon . | . . . Impact Weapon . | . . . Slashing Weapon . | . . . Piercing Weapon . | . . . Special Melee Weapon . | . . . Unidentified Prototypes . | . . . Parts Lost 10 | . 2 8 Power 2 | . 1 1 Propulsion 3 | . . 3 Utility 2 | . . 2 Weapon 3 | . 1 2 Highest Loss Streak 7 | . 2 7 Average Slot Usage (%) 99 | . 100 98 Engine 11 | . 10 14 Core 2 | . 3 . Treads 1 | . 2 . Leg 26 | . 25 28 Device 12 | . 12 13 Storage 15 | . 15 14 Energy Gun 23 | . 23 23 Ballistic Cannon 3 | . 4 . Naked Turns . | . . . Heaviest Build 28 | 14 28 25 Greatest Support 40 | 40 40 20 Greatest Overweight (x) 5 | . 1 5 Average Overweight (x) . | . . 1 Largest Inventory Capacity 10 | 8 10 10 Average Capacity 9 | 6 9 10 Most Carried 10 | 7 10 10 Average Carried 8 | 4 8 9 Final Capacity 10 | 8 10 10 Final Carried 10 | 7 10 9 Class Distribution -------------------- 73% | Scavenger-Mutant 26% | Mutant Dominant Class ---------------- Scavenger-Mutant | -10/Materials Scavenger-Mutant | -10/Mines Resources | -11 -10 -10 ----------- Run | Scr Mat Min Matter Collected 665 | 290 290 85 Remotely . | . . . Salvage Created 806 | 99 538 169 Parts 50 | 2 29 19 Haulers Intercepted 1 | . 1 . Recyclers Shooed . | . . . Parts Field Recycled . | . . . Retrieved Matter . | . . . Parts Self-Destructed . | . . . Prevented . | . . . Kills | -11 -10 -10 ------- Run | Scr Mat Min Combat Hostiles Destroyed 20 | . 11 9 Guns 15 | . 6 9 Cannons 5 | . 5 . Classes Destroyed 7 | 1 5 1 Worker 2 | . 1 1 Builder 1 | . 1 . Hauler 1 | . 1 . Recycler 2 | 1 1 . Watcher 2 | . 2 . Swarmer 9 | . . 9 Grunt 11 | . 11 . Best Kill Streak 4 | 1 4 4 Combat Bots Only 3 | . 3 3 Max Kills in Single Turn 2 | 1 2 2 Gunslinging 1 | . . 1 Exploded . | . . . Melee . | . . . Uniques/NPCs Destroyed . | . . . Combat | -11 -10 -10 -------- Run | Scr Mat Min Damage Taken 1254 | . 573 681 Core 253 | . 127 126 Absorbed by Shields . | . . . Core Remaining (%) 100 | 100 . . Volleys Fired 69 | 4 47 18 Largest 2 | 2 2 2 Hottest 130 | 90 130 105 Shots Fired 138 | 8 94 36 Gun 114 | 8 70 36 Cannon 24 | . 24 . Launcher . | . . . Special . | . . . Kinetic 30 | . 24 6 Thermal 90 | 8 70 12 Explosive . | . . . Electromagnetic 18 | . . 18 Robot Hit Streak 9 | 6 9 5 Robot Miss Streak 3 | 2 3 2 Penetration Max . | . . . Secondary Targets 1 | . . 1 Max Gunslinging Chain 1 | . . 1 Shots Hit Robots 87 | 6 59 22 Core Hits 40 | 2 24 14 Critical Hits . | . . . Critical Kills . | . . . Critical Parts Destroyed . | . . . Melee Attacks . | . . . Impact . | . . . Slashing . | . . . Piercing . | . . . Sneak Attacks . | . . . Combat Hostiles . | . . . Follow-up Attacks . | . . . Damage Inflicted 1215 | 83 868 264 Guns 944 | 83 597 264 Cannons 271 | . 271 . Explosions . | . . . Melee . | . . . Ramming . | . . . Kinetic 302 | . 271 31 Thermal 772 | 83 597 92 Explosive . | . . . Electromagnetic 141 | . . 141 Impact . | . . . Slashing . | . . . Piercing . | . . . Highest Corruption . | . . . Average Corruption . | . . . Corruption Purged . | . . . Overload Shots . | . . . Overflow Damage . | . . . Projectiles . | . . . Explosions . | . . . Melee . | . . . Knockbacks 5 | . 5 . Impact . | . . . Kinetic 5 | . 5 . Secondary . | . . . Self-Inflicted Damage . | . . . Shots . | . . . Rammed . | . . . Targets Rammed . | . . . Kicked . | . . . Crushed . | . . . Highest Temperature 432 | 90 432 270 Average Temperature 125 | 40 139 98 Received Heat Transfer 364 | . 324 40 Effects 4 | . 4 . Shutdowns 1 | . 1 . Energy Bleed 1 | . 1 . Damage (minor) 2 | . 2 . Siege Activations . | . . . Robots Corrupted . | . . . Combat Hostiles . | . . . Parts Fried . | . . . Impact Corruptions . | . . . Robots Melted . | . . . Combat Hostiles . | . . . Parts Melted 3 | . 3 . Heat Transferred 1817 | 211 1384 222 Parts Sabotaged . | . . . Parts Stolen . | . . . Parts Stripped . | . . . Power Chain Reactions . | . . . Missiles Intercepted . | . . . Alert | -11 -10 -10 ------- Run | Scr Mat Min Peak Influence 235 | 5 203 235 Initial 28 | . 3 28 Average 86 | 1 83 118 Maximum Alert Level 1 | . 1 1 Low Security (%) 94 | 100 95 88 Level 1 5 | . 4 11 Level 2 . | . . . Level 3 . | . . . Level 4 . | . . . Level 5 . | . . . High Security . | . . . Max Security . | . . . Squads Dispatched 2 | . 2 . Investigation 2 | . 2 . Extermination . | . . . Reinforcement . | . . . Assault . | . . . Garrison . | . . . Intercept . | . . . Construction Impeded . | . . . Haulers Reinforced . | . . . Stealth | -11 -10 -10 --------- Run | Scr Mat Min Distress Signals . | . . . Communications Jammed . | . . . Distress Signals . | . . . Times Spotted 38 | . 18 20 Peak Tracking Total 13 | . 3 13 Tactical Retreats 1 | . . 1 Traps | -11 -10 -10 ------- Run | Scr Mat Min Traps Triggered 2 | . 2 . Indirectly . | . . . Trap Hack Attempts . | . . . Triggered . | . . . Disarmed . | . . . Reprogrammed . | . . . Reused . | . . . Traps Extracted . | . . . Installed . | . . . Triggered . | . . . Machines | -11 -10 -10 ---------- Run | Scr Mat Min Machines Disabled . | . . . Max in Single Turn . | . . . Machines Sabotaged . | . . . Garrisons Compromised . | . . . Overloaded Fab Kills . | . . . Fab Network Shutdowns . | . . . Hacking | -11 -10 -10 --------- Run | Scr Mat Min Machines Accessed 3 | . 3 . Terminals 3 | . 3 . Fabricators . | . . . Repair Stations . | . . . Recycling Units . | . . . Scanalyzers . | . . . Garrison Access . | . . . Total Hacks 7 | . 7 . Successful 4 | . 4 . Failed 3 | . 3 . Catastrophic 1 | . 1 . Database Lockouts . | . . . Manual 5 | . 5 . Terminals 7 | . 7 . Fabricators . | . . . Repair Stations . | . . . Recycling Units . | . . . Scanalyzers . | . . . Garrison Access . | . . . Terminal Hacks 3 | . 3 . Robot Analysis 1 | . 1 . Branch Access Points 1 | . 1 . Dispatch Records 1 | . 1 . Fabricator Hacks . | . . . Repair Station Hacks . | . . . Recycling Unit Hacks . | . . . Scanalyzer . | . . . Garrison Access Hacks . | . . . Unauthorized Hacks 1 | . 1 . Terminals 1 | . 1 . Botnet 1 | . 1 . Fabricators . | . . . Repair Stations . | . . . Recycling Units . | . . . Scanalyzers . | . . . Garrison Access . | . . . Data Cores Recovered . | . . . Used . | . . . Hacking Detections 1 | . 1 . Full Trace Events . | . . . Feedback Events . | . . . Feedback Blocked . | . . . Robot Schematics Acquired . | . . . Robots Built . | . . . Matter . | . . . Time . | . . . Total Robot Build Rating . | . . . Part Schematics Acquired . | . . . Parts Built . | . . . Matter . | . . . Time . | . . . Total Part Build Rating . | . . . Parts Repaired . | . . . Time . | . . . Parts Recycled . | . . . Recycled Matter . | . . . Retrieved Matter . | . . . Retrieved Components . | . . . Parts Scanalyzed . | . . . Part Schematics Acquired . | . . . Parts Damaged . | . . . Bothacking | -11 -10 -10 ------------ Run | Scr Mat Min Used RIF Installer . | . . . Robots Hacked . | . . . Non-combat . | . . . Combat . | . . . Robot Hacks Applied . | . . . Relay Couplers Released . | . . . Robots Rewired . | . . . Allies Hacked . | . . . Hacks Repelled . | . . . Allies | -11 -10 -10 -------- Run | Scr Mat Min Total Allies 2 | . . 2 Largest Group 2 | . . 2 Highest-Rated Group 43 | . . 43 Highest-Rated Ally 31 | . . 31 Total Orders . | . . . Ally Attacks 4 | . . 4 Total Damage 42 | . . 42 Kills . | . . . Allies Corrupted . | . . . Allies Melted . | . . . Intel | -11 -10 -10 ------- Run | Scr Mat Min Robot Analysis Total 1 | . 1 . Derelict Logs Recovered 1 | . . 1 Drone Launches . | . . . Drone Recoveries . | . . . Exploration | -11 -10 -10 ------------- Run | Scr Mat Min Turns Passed 1463 | 70 1113 280 Spaces Moved 770 | 48 602 120 Core 2 | 1 . 1 Treads 38 | 1 37 . Legs 684 | . 565 119 Wheels 46 | 46 . . Hover . | . . . Flight . | . . . Fastest Speed 50 | 50 120 120 Average Speed 141 | 81 144 150 Slowest Speed 300 | 160 160 300 Overloaded Moves . | . . . Propulsion Burnouts . | . . . Robots Hopped . | . . . Cave-ins Triggered . | . . . Exploration Rate (%) 38 | 4 77 33 Regions Visited 2 Branch Regions 1 Pre-discovered Areas . | . . . Known Exits Taken 1 | . 1 . Unknown Exits Taken 1 | 1 . . Scrap Searched . | . . . Spaces Dug . | . . . Terrain Destroyed . | . . . Melee . | . . . Projectile . | . . . AOE . | . . . Terrain Rammed . | . . . Walls Destroyed . | . . . Machines Disabled . | . . . Actions | -11 -10 -10 --------- Run | Scr Mat Min Total 1003 | 67 751 185 Wait 96 | . 58 38 Move 768 | 47 601 120 Hop . | . . . Pick Up 21 | 7 12 2 Fast Attach 7 | 7 . . Attach 4 | . 2 2 Detach . | . . . Swap 23 | 2 18 3 Drop 15 | . 13 2 Fire 69 | 4 47 18 Melee . | . . . Ram . | . . . Kick . | . . . Crush . | . . . Escape Stasis . | . . . Rewire . | . . . Trap . | . . . Miscellaneous . | . . . Route ------- -11/Scrapyard -10/Materials (discovered 4 exits: [*Mat x2] / *Min x2) -10/Mines (discovered 1 exit: [*Mat]) History --------- Turn | Location | Event 20 | -11/Scrapyard | Discovered new exit (range 13) 71 | -11/Scrapyard | Entered Materials 304 | -10/Materials | Build established: Mutant 611 | -10/Materials | Build established: Scavenger-Mutant 685 | -10/Materials | Discovered new exit (range 4) 713 | -10/Materials | Core integrity fell below 50% 867 | -10/Materials | Discovered new exit (range 5) 939 | -10/Materials | Identified exit to Mines 1184 | -10/Materials | Entered Mines 1256 | -10/Mines | Discovered new exit (range 4) 1338 | -10/Mines | Learned 4 Materials zone layouts 1436 | -10/Mines | Assembled infested the area 1452 | -10/Mines | Core integrity fell below 20% 1464 | -10/Mines | Destroyed by D-53 Grenadier with Mini Grenade Launcher Last Messages --------------- 01454_ D-53 Grenadier unfolds itself. 01454_ as-61396 destroyed. 01454_ as-56990 destroyed. 01454_ as-39146 destroyed. 01454_ as-87529 destroyed. 01455_ EM Pulse Gun destroyed. 01456_ Structural Scanner destroyed. 01456_ Lgt. Assault Rifle destroyed. 01456_ as-91625 destroyed. 01458_ as-81442 destroyed. 01458_ as-62683 destroyed. 01460_ Aluminum Leg destroyed. 01460_ Lgt. Ion Engine destroyed. 01460_ as-48727 destroyed. 01460_ as-05004 destroyed. 01461_ Aluminum Leg destroyed. 01461_ as-12407 destroyed. 01463_ HV Slug penetrates D-53 Grenadier. 01463_ D-53 Grenadier suffers critical hit. 01464_ as-13106 destroyed. Map ----- +----------------------------------------------------+ | ??## ### #?????# #?????????????????????????? | | ### #???????###%#####?????????????????????? | | # ##???????# =% #?????????????????????? | | ##????????#[ """ #?????????????????????? | | #####?????????# """ #?????????????????????? | | ##?????????????# """ #?????????????????????? | | ##?????????????# %[#?????????????????????? | | ##????????????# *[=#?????????????????????? | | # ####?????????######=##???????? #??????????? | | ### ##?????????????#=#### #??????????? | | ??## ##????#??######== #?????????? | | ??## ###### ## !%#%### #??????????? | | ??# %=!%##????? ###??????????? | | ?# ### ##### !=* ##????????????????????? | | # ##?# #???## % #????????????????????? | | # ##??# #????#### ##???????????????????? | | ## ##???# #???????## ###?????????????????? | | ?## #????# #???????##d #?????????????????? | | ??# #????# #?????### ##????????????????? | | ??# ???## ####?## d #????????????????? | | ?# #### #?# #????????????????? | | ?# ##=%* #?# ##????????????????? | | ?## ####%## #?## #?????????????????? | | ??###???#=## #??# #?????????????????? | | ????#####%## < #??## ##?????????????????? | | ????# # #??# @ ##??????????????????? | | ????# #######??## #??????????????????? | | ????# #?????????# a a???????????????? | | ????# #?????????# a g% a #????????????? | | ????# #?????????### a a??????????? | | ????# #???????????## ###%aa ###??????????? | | ????# #????????????# #??? ##????????????? | | ????##### ##????????????### #????##?????????????? | | ????????# #???????????????? #???????????????????? | | ???????? #???????????????? ???????????????????? | | ????????###???????????????? #???????????????????? | | ??????????????????????????? #???????????????????? | | ???????????????????????????$ #???????????????????? | | ???????????????????????????? #???????????????????? | | ???????????????????????????? #???????????????????? | | ?????????????????????????????????????????????????? | | ?????????????????????????????????????????????????? | | ?????????????????????????????????????????????????? | | ?????????????????????????????????????????????????? | | ?????????????????????????????????????????????????? | | ?????????????????????????????????????????????????? | | ?????????????????????????????????????????????????? | | ?????????????????????????????????????????????????? | | ?????????????????????????????????????????????????? | | ?????????????????????????????????????????????????? | +----------------------------------------------------+ Best States ------------- Heat Dissipation 25 Energy Generation 14 Energy Capacity 160 Matter Stores 300 Matter Capacity 300 Sight Range 16 Robot Scan Range 10 Terrain Scan Density 10 Evasion (%) 44 Recoil Reduction 2 Item Schematics ----------------- None Robot Schematics ------------------ None Fabricated ------------ Nothing Alien Tech Used ----------------- None Achievements -------------- None Challenges ------------ None Game ------ Seed CloakNullInitializer Manual? 0 Play Time 00:30:43 Cumulative 9.9 hours Start 2020.10.17 @ 21:25:29 End 2020.10.17 @ 21:53:32 Sessions 1 Manual Loads 0 Difficulty Rogue Special Mode None Game No. 15 Rogue 15 Adventurer 0 Explorer 0 Win Type - Total 0 Types 0/0/0/0/0/0/0/0/0 Lore% 8 Gallery% 14 Achievement% 12 Wizard Run 0 Options --------- ASCII 0 Keyboard 1 Movement Numpad Keybinds 0 Fullscreen 2 Font 16/Dina Map View 76x50 Tactical HUD 1 Map Filters NONE Filters NONE Steam 1 RUN: c0f593e7-f63b-4c85-b839-17d298e9dc87